Map: LotV Custom - Nimbus LE - Archon Mode

Players

SoTired

  • Race: Terran Terran
  • League: Diamond
  • Spawn Location: 7:00

Hindulaatti - Winner!

  • Race: Terran Terran
  • League: Platinum
  • Spawn Location: 1:00

Burgerking - Winner!

  • Race: Terran Terran

TheReignman

  • Race: Terran Terran
  • League: Diamond

derUlbi - Winner!

  • Race: Terran Terran
  • League: Gold

VOD

Have the link to the VOD?

Description

Time

  • Played on: Dec. 15, 2014, 10:18 a.m.
  • Length: 19:32
Show
View Real Time Build Order
Export as new Build Order

SoTired Terran 

Build Orders: MMM Bio 

Get SALT Encoding   

  12  0:01  SCV  
  13  0:23  Engineering Bay, SCV  
  13  0:28  Supply Depot  
  14  0:35  SCV  
  15  0:49  Refinery, SCV  
  16  0:51  Barracks  
  16  1:02  SCV  
  17  1:14  SCV  
  18  1:26  SCV  
  19  1:38  SCV  
  20  1:43  Refinery  
  20  1:48  Command Center, Reaper  
  20  1:50  SCV  
  22  2:02  Supply Depot  
  22  2:03  SCV  
  23  2:15  Factory  
  23  2:23  SCV  
  24  2:36  Orbital Command  
  24  2:47  Barracks Reactor  
  24  3:02  Factory Tech Lab  
  25  3:06  Starport  
  25  3:08  SCV  
  25  3:11  Orbital Command  
  25  3:20  SCV  
  26  3:32  Engineering Bay, SCV  
  27  3:38  Barracks Tech Lab, SCV  
  27  3:44  Barracks Tech Lab, SCV  
  28  3:51  SCV  
  28  3:52  Banshee  
  28  3:53  Barracks Tech Lab  
  28  3:55  Hellion x2  
  36  3:56  SCV  
  36  3:59  Supply Depot  
  37  4:03  SCV  
  37  4:08  SCV  
  39  4:15  SCV  
  39  4:16  Hellion  
  40  4:29  Marauder, Stimpack  
  40  4:30  SCV  
  41  4:34  Banshee, Barracks  
  41  4:38  Barracks  
  42  4:40  SCV  
  42  4:42  SCV  
  40  4:52  SCV  
  38  4:53  Refinery  
  38  4:54  SCV  
  38  4:55  Refinery  
  38  4:57  Marauder  
  41  5:04  SCV  
  41  5:06  SCV  
  40  5:16  SCV  
  40  5:17  Banshee  
  40  5:18  SCV  
  40  5:20  Factory Reactor  
  41  5:28  SCV  
  41  5:30  Barracks Reactor  
  41  5:31  Factory, SCV  
  42  5:40  SCV  
  42  5:42  Supply Depot  
  43  5:43  SCV  
  43  5:45  Marauder  
  46  5:52  Supply Depot, SCV  
  46  5:55  SCV  
  48  5:58  Barracks Tech Lab  
  48  6:00  Banshee  
  48  6:01  Starport  
  51  6:05  SCV  
  51  6:07  SCV  
  53  6:12  Marine x3  
  53  6:17  SCV  
  57  6:19  SCV  
  57  6:20  Factory Tech Lab  
  57  6:25  Hellion x2  
  62  6:29  Armory, SCV  
  62  6:30  Marine  
  62  6:31  SCV  
  62  6:32  Marine  
  65  6:34  Combat Shields  
  64  6:41  SCV  
  64  6:43  Starport, SCV  
  64  6:45  Barracks Reactor  
  64  6:46  Factory, Hellion  
  68  6:50  Marine  
  68  6:53  SCV  
  70  7:02  Supply Depot x2  
  70  7:05  Supply Depot  
  70  7:13  Supply Depot  
  70  7:20  Hellion x3  
  70  7:23  Raven, Marine, SCV x2  
  70  7:24  Marauder, Cyclone, Command Center, Hellion x2  
  70  7:27  Terran Vehicle and Ship Weapons Level 1  
  84  7:33  Marine x2  
  84  7:35  Factory Tech Lab  
  84  7:36  SCV x2  
  88  7:43  Banshee  
  91  7:45  Hellion  
  91  7:48  SCV  
  91  7:50  Marine x2  
  92  7:51  SCV  
  92  7:56  Marauder  
  95  8:02  Marine x2  
  95  8:05  Cyclone  
  99  8:06  SCV x2  
  99  8:09  Orbital Command  
  99  8:16  Marine  
  99  8:17  Marine  
  99  8:18  Marauder  
  96  8:40  SCV  
  96  8:42  Hellion x2  
  96  8:48  SCV  
  86  8:53  Refinery  
  86  8:54  Missile Turret  
  86  8:55  Missile Turret  
  85  8:56  Missile Turret  
  85  8:59  SCV  
  85  9:01  Banshee  
  87  9:03  Siege Tank  
  87  9:09  Marine x2  
  92  9:16  Marine x2  
  93  9:17  Unknown  
  93  9:21  Banshee, Siege Tank  
  97  9:31  Marine x2  
  87  9:49  SCV  
  87  9:51  Orbital Command  
  78  9:53  Hellion  
  73  10:12  Marine x2  
  73  10:13  Siege Tank x2  
  81  10:15  Medivac  
  81  10:17  Refinery  
  81  10:19  Refinery  
  83  10:28  SCV  
  83  10:32  Concussive Shells  
  83  10:33  Marauder  
  83  10:34  Marine x2  
  88  10:36  Hellion x2  
  88  10:37  Banshee  
  88  10:38  Marine x2  
  88  10:42  Terran Vehicle And Ship Armor Level 1  
  96  11:03  SCV x2  
  95  11:15  Marine x3  
  95  11:19  SCV  
  95  11:20  Infernal Pre-Igniter  
  96  11:30  SCV  
  96  11:31  Marine x2  
  102  11:32  Hellion  
  102  11:33  Marine, Hellion  
  103  11:49  Command Center, Missile Turret x2  
  103  11:54  Siege Tank  
  106  11:58  SCV  
  103  12:04  Missile Turret  
  103  12:05  Missile Turret, Marine x3  
  103  12:06  Marine  
  103  12:08  Viking  
  109  12:09  SCV  
  110  12:20  Marine  
  110  12:22  Siege Tank  
  114  12:23  Marine x2  
  115  12:31  SCV  
  115  12:36  SCV  
  117  12:39  Terran Vehicle and Ship Weapons Level 2  
  117  12:44  Marine  
  117  12:48  Supply Depot, Marine, Hellion x3  
  122  13:07  Planetary Fortress  
  122  13:13  Marine x2  
  122  13:15  Siege Tank x2  
  122  13:16  SCV  
  122  13:17  Medivac  
  133  13:27  SCV, Armory  
  133  13:28  Hellion x2  
  127  13:43  Marauder, Marine x2  
  127  13:46  SCV x2  
  118  13:49  Marine x2, SCV  
  118  13:55  Banshee  
  120  14:00  Marine  
  120  14:01  Marine, SCV  
  120  14:02  SCV  
  123  14:04  Refinery  
  123  14:05  Marauder, Refinery  
  125  14:16  Terran Vehicle And Ship Armor Level 2  
  125  14:20  Marine x2  
  125  14:21  Command Center  
  125  14:23  Banshee  
  130  14:26  Marine  
  130  14:27  Marauder  
  130  14:30  Starport, SCV  
  132  14:34  Marine  
  132  14:37  SCV  
  134  14:43  Marine x2, SCV  
  134  14:44  Marine, Siege Tank  
  141  14:48  Marauder  
  143  14:53  Missile Turret x2  
  128  15:07  SCV  
  128  15:08  Marine x2  
  128  15:10  Marauder, Marine, Hellion  
  127  15:24  Marine  
  127  15:26  Marine x2  
  106  15:30  Marine, Siege Tank x2  
  106  15:31  Marauder  
  115  15:35  Command Center  
  115  15:36  SCV x2  
  115  15:42  Marine  
  117  15:43  Marine  
  117  15:44  Marine, SCV  
  117  15:47  Marine  
  117  15:49  Missile Turret  
  119  15:52  Marauder, SCV  
  118  16:00  Raven  
  118  16:01  Starport Reactor  
  118  16:03  Siege Tank  
  123  16:06  Hellion x2  
  126  16:14  Marauder  
  128  16:22  Command Center, SCV  
  128  16:23  SCV  
  93  16:35  Marauder  
  93  16:36  Siege Tank x2  
  93  16:38  Marine x3  
  97  16:49  SCV  
  98  16:54  Marine  
  98  16:57  Marauder, Marine x3  
  103  17:01  Command Center  
  103  17:08  Siege Tank  
  104  17:12  Marine, Hellion x2  
  104  17:13  Hellion  
  104  17:14  Marine x2  
  110  17:16  Medivac  
  110  17:17  Medivac  
  110  17:18  Marauder  
  116  17:29  Marine  
  117  17:30  Marine  
  117  17:33  SCV  
  117  17:34  Hellion x2  
  122  17:38  Banshee, Marine x2  
  122  17:39  Marauder  
  122  17:41  SCV  
  130  17:47  Marine  
  130  17:48  Viking x2, Marine  
  134  17:56  Marine  
  124  18:00  Marine  
  124  18:01  Marauder, Hellion  
  124  18:02  Hellion x2  
  133  18:16  Orbital Command, SCV  
  133  18:19  Banshee  
  137  18:21  Viking x2  
  137  18:22  Marauder  
  137  18:23  SCV  
  144  18:28  Planetary Fortress  
  144  18:32  Hellion x3  
  106  18:44  Marauder  
  98  18:53  Marine x4  
  98  18:54  Refinery  
  102  18:56  Hellion  
  102  18:57  Hellion  
  99  19:05  Marauder  
Show
View Real Time Build Order
Export as new Build Order

Hindulaatti Terran - Winner!

Build Orders: MMM Bio 

Get SALT Encoding   

  12  0:01  SCV  
  13  0:13  SCV  
  14  0:18  Supply Depot  
  14  0:26  SCV  
  15  0:39  SCV  
  16  0:43  Barracks  
  16  0:51  SCV  
  17  0:58  Refinery  
  17  1:04  SCV  
  18  1:16  SCV  
  19  1:25  Supply Depot  
  19  1:30  Orbital Command, Marine  
  20  1:37  Barracks  
  20  1:48  Barracks Tech Lab  
  20  1:56  SCV  
  21  2:06  Refinery  
  21  2:09  Factory  
  21  2:12  Marine  
  21  2:13  SCV  
  23  2:26  Marine  
  23  2:29  SCV  
  24  2:38  Command Center  
  24  2:41  Supply Depot  
  27  2:44  Marine  
  27  2:47  SCV  
  29  2:54  Widow Mine  
  31  3:03  Marine, SCV  
  33  3:10  Unknown  
  36  3:17  SCV  
  37  3:22  Barracks Reactor  
  37  3:23  Widow Mine  
  39  3:34  Supply Depot  
  39  3:38  Unknown  
  39  3:49  Marine, SCV  
  39  3:51  Orbital Command  
  41  3:58  Widow Mine  
  41  4:00  Marine x2  
  45  4:02  Barracks  
  45  4:03  SCV  
  45  4:07  Marine  
  47  4:14  Supply Depot  
  47  4:15  SCV  
  48  4:18  Marine x2  
  48  4:19  SCV  
  50  4:25  Marine  
  50  4:37  Marine x2  
  51  4:39  Widow Mine  
  51  4:42  SCV x2  
  51  4:44  Starport  
  53  4:50  Barracks Reactor  
  53  5:03  Marine x2  
  52  5:08  Unknown  
  52  5:09  Stimpack  
  52  5:11  Factory Reactor  
  52  5:14  SCV x2  
  54  5:17  Refinery  
  54  5:18  Unknown  
  54  5:20  Refinery  
  54  5:28  SCV x2  
  54  5:31  Marine x4  
  59  5:35  Medivac  
  59  5:40  Supply Depot  
  59  5:41  Supply Depot  
  59  5:46  Command Center  
  56  5:51  Marine  
  56  5:52  Marine x3  
  56  5:55  SCV  
  56  5:56  SCV  
  62  6:01  Unknown  
  62  6:07  SCV  
  62  6:08  SCV  
  62  6:09  Marine x2  
  62  6:10  Marine x2  
  68  6:19  Supply Depot  
  68  6:20  Supply Depot, SCV x2  
  68  6:24  Widow Mine  
  71  6:30  Engineering Bay, Unknown  
  71  6:32  Marine  
  73  6:35  SCV  
  73  6:38  SCV  
  74  6:45  Viking  
  75  6:51  Viking  
  77  6:54  Marine  
  77  6:58  Widow Mine  
  77  6:59  Unknown  
  76  7:07  Marine x3  
  82  7:11  Terran Infantry Weapons Level 1  
  82  7:12  Marine  
  62  7:15  Medivac  
  83  7:19  SCV  
  83  7:20  SCV  
  83  7:21  Medivac  
  89  7:27  Marine  
  89  7:28  Marine x2  
  92  7:30  Marine  
  92  7:32  SCV  
  92  7:33  SCV  
  92  7:35  Unknown, Marine  
  96  7:44  SCV  
  96  7:45  SCV  
  96  7:48  Medivac  
  96  7:49  Armory  
  96  7:51  Medivac  
  87  7:56  SCV  
  90  8:04  SCV  
  89  8:07  Orbital Command  
  89  8:09  SCV  
  84  8:14  Marine  
  84  8:15  Marauder, Marine x3  
  84  8:17  SCV  
  88  8:21  SCV  
  88  8:26  Refinery  
  87  8:29  SCV  
  87  8:30  Refinery  
  87  8:32  Marine  
  87  8:33  Medivac x2, Widow Mine, SCV  
  96  8:34  Marine x3  
  96  8:36  Marauder  
  96  8:50  Marine  
  96  8:52  Marine x3  
  98  9:00  Barracks  
  98  9:02  Barracks  
  101  9:08  Marine  
  101  9:09  Marine  
  102  9:10  Marine x2  
  103  9:19  Medivac x2  
  103  9:21  Combat Shields  
  107  9:26  Unknown, Widow Mine, Marine  
  107  9:27  Marine x2  
  107  9:28  Marine  
  113  9:35  Barracks  
  108  9:42  Command Center  
  105  9:55  Terran Infantry Weapons Level 2  
  105  10:03  Barracks Reactor  
  105  10:04  Marine x2, Barracks Reactor  
  105  10:05  Marauder, Marine x2  
  108  10:18  Engineering Bay  
  108  10:22  Marine x2  
  108  10:27  Viking x2  
  114  10:35  Command Center  
  114  10:36  Starport  
  114  10:38  Barracks  
  114  10:39  Barracks  
  114  10:48  Supply Depot  
  117  10:52  Marine x8  
  117  10:53  Supply Depot  
  117  10:55  Supply Depot x2  
  117  10:57  Orbital Command  
  121  11:10  Marine  
  118  11:12  Unknown  
  105  11:27  Marauder, Marine x4  
  105  11:28  Barracks Tech Lab x3  
  105  11:32  SCV x2  
  112  11:33  SCV  
  111  11:48  Viking  
  111  11:50  Orbital Command  
  113  12:00  Orbital Command  
  113  12:03  Marine  
  113  12:04  Marine x7  
  113  12:05  Medivac, Widow Mine  
  113  12:06  Medivac  
  139  12:10  Terran Infantry Armor Level 1  
  139  12:12  Terran Infantry Weapons Level 3  
  139  12:13  Supply Depot  
  139  12:14  Terran Vehicle and Ship Weapons Level 1  
  139  12:16  Refinery  
  139  12:17  Concussive Shells, Refinery  
  139  12:21  Marine x3  
  139  12:22  Marine  
  143  12:26  Marine x2  
  143  12:27  Marine x2  
  147  12:31  Unknown, Marine  
  147  12:32  Unknown x3, Marauder, Marine x2  
  152  12:49  SCV x2  
  152  12:50  SCV x3  
  155  13:01  SCV x2  
  155  13:02  SCV x3  
  155  13:05  Refinery  
  160  13:06  Refinery  
  160  13:09  Supply Depot  
  160  13:10  Supply Depot  
  160  13:12  Supply Depot  
  160  13:14  Supply Depot  
  160  13:15  Marine x2  
  160  13:16  Marauder x2, Marine x3  
  160  13:17  Marine x3  
  178  13:30  Medivac x2  
  178  13:33  Marine x2  
  178  13:34  Marine x5  
  170  13:35  Marine  
  170  13:37  Marauder  
  166  13:41  Missile Turret x2  
  166  13:42  Missile Turret  
  166  13:43  Missile Turret  
  166  13:44  Unknown  
  166  13:45  Unknown  
  165  13:51  Marine x2  
  165  13:52  Marine x3  
  160  14:05  Unknown  
  160  14:06  Terran Infantry Armor Level 2  
  160  14:08  Marine x3  
  160  14:09  Marine x3  
  159  14:10  Marine x2  
  159  14:13  Unknown x2  
  168  14:17  Starport Tech Lab  
  168  14:18  Medivac x2  
  172  14:26  Marine x2  
  172  14:27  Unknown  
  175  14:36  Unknown  
  176  14:42  Unknown x2  
  175  14:55  Unknown  
  170  15:04  Unknown  
  166  15:17  Marine x8  
  166  15:19  Medivac x2  
  189  15:21  Raven  
  189  15:23  Widow Mine  
  171  15:31  Factory  
  171  15:32  Factory x2  
  171  15:34  Marine  
  171  15:35  Marine x5  
  164  15:37  Factory  
  164  15:38  Factory  
  160  15:44  Unknown  
  160  15:45  Marine, Unknown x3  
  160  15:46  Marine  
  160  15:48  Command Center  
  160  15:49  Medivac  
  170  15:56  Marine x2  
  170  15:57  Marine x4  
  172  16:13  Unknown x4  
  155  16:38  Raven  
  157  16:41  Unknown  
  157  16:45  Refinery  
  157  16:59  Medivac x2  
  157  17:00  Marauder x2, Marine x2  
  157  17:01  Marine x6  
  175  17:03  Widow Mine  
  175  17:05  Hi-Sec Auto Tracking  
  181  17:18  Marine x3  
  181  17:19  Marine  
  185  17:23  Marine x2  
  185  17:24  Marauder, Marine  
  185  17:25  Marine  
  185  17:29  Unknown x2  
  200  17:53  Marine x3, Unknown  
  200  17:55  Marine  
  200  17:57  Unknown  
  200  17:58  Unknown, Factory Tech Lab x2  
  198  17:59  Factory Tech Lab x3  
  198  18:05  Orbital Command  
  186  18:06  Command Center  
  186  18:07  Orbital Command  
  186  18:09  Command Center  
  186  18:17  Marine x3  
  186  18:18  Marine x2  
  200  18:25  Unknown  
  196  18:45  Unknown x3  
  196  18:54  Unknown  
  196  19:01  Refinery  
  196  19:02  Refinery  
  184  19:30  Unknown x4  
Show
View Real Time Build Order
Export as new Build Order

Burgerking Terran - Winner!

Build Orders:  

Get SALT Encoding   

Show
View Real Time Build Order
Export as new Build Order

TheReignman Terran 

Build Orders:  

Get SALT Encoding   

Show
View Real Time Build Order
Export as new Build Order

derUlbi Terran - Winner!

Build Orders:  

Get SALT Encoding   

Tags
 
Add a new tag
Caveats
  • Supply blocks, unpowered buildings, or Contaminate may cause inaccurate times.
  • Supply counts are checked every 10 seconds.